 Dungeon Crawl Stone Soup version 0.29-a0-821-g66395355a5 (webtiles) character file.

Game seed: 11493792132598970359

49 kevlar127 the Ruffian (level 3, 0/54 HPs)
             Began as a Troll Berserker on July 7, 2022.
             Was a Follower of Trog.
             Slain by a goblin
             ... wielding a +0 dagger
             ... led by Robin
              (3 damage)
             ... on level 2 of the Dungeon.
             The game lasted 00:01:28 (991 turns).

kevlar127 the Ruffian (Troll Berserker)              Turns: 991, Time: 00:01:29

Health: 0/54       AC:  4    Str: 27    XL:     3   Next: 53%
Magic:  2/2        EV: 10    Int:  3    God:    Trog [*.....]
Gold:   33         SH:  0    Dex:  9    Spells: 2/2 levels left

rFire   . . .      SeeInvis .     - Unarmed
rCold   . . .      Faith    .   (no shield)
rNeg    . . .      Spirit   .   a - +0 animal skin
rPois   .          Reflect  .   (helmet restricted)
rElec   .          Harm     .   (no cloak)
rCorr   .          Rampage  .   (gloves unavailable)
Will    ++...                   (boots unavailable)
Stlth   ..........              (no amulet)
HPRegen 1.98/turn               (no ring)
MPRegen 0.08/turn               (no ring)

@: berserking, strong-willed, regenerating, very quick
A: large, unfitting armour, claws 3, regeneration 1, shaggy fur 1, tough skin 1
a: Renounce Religion, Berserk


You were on level 2 of the Dungeon.
You worshipped Trog.
Trog was aware of your devotion.
You visited 1 branch of the dungeon, and saw 2 of its levels.

You collected 33 gold pieces.

Inventory:

Missiles
 f - 31 stones (quivered)
Armour
 a - a +0 animal skin (worn)
Scrolls
 d - 5 scrolls of identify {unknown}
 e - 2 scrolls of fear {unknown}
 h - a scroll of blinking {unknown}
 i - a scroll of brand weapon {unknown}
Potions
 b - a potion of degeneration {unknown}
 c - a potion of heal wounds {unknown}
 g - a potion of magic {unknown}


   Skills:
 + Level 2.9 Fighting
 + Level 2.9 Dodging
 + Level 3.6 Unarmed Combat


You had 2 spell levels left.
You didn't know any spells.
Your spell library was empty.

Dungeon Overview and Level Annotations

Branches:
Dungeon (2/15)

Altars:

Annotations:
D:2 Robin


Innate Abilities, Weirdness & Mutations

You are too large for most types of armour.
You have claws for hands.
Your natural rate of healing is unusually fast.
You are covered in fur. (AC +1)
You have tough skin. (AC +1)


Message History

You are too injured to fight recklessly!
You are too injured to fight recklessly!
You are too injured to fight recklessly!
You are too injured to fight recklessly!
There are monsters nearby!
There are monsters nearby!
There are monsters nearby!
You are too injured to fight recklessly!
Your skin crawls.
You feel strong-willed.
You can no longer call upon Trog for regeneration and willpower.
The goblin hits you with a +0 club. The hobgoblin hits you.
The goblin hits you but does no damage. The hobgoblin hits you.
The goblin closely misses you.
A red film seems to cover your vision as you go berserk!
You feel yourself moving faster!
You feel mighty!
Robin roars a battlecry!
The goblins go into a battle-frenzy!
The goblin hits you but does no damage. The hobgoblin misses you.
The hobgoblin hits you but does no damage.
The goblin hits you with a +0 dagger. The goblin closely misses you.
You claw the goblin!
You kill the goblin!
Trog accepts your kill. The goblin hits you with a +0 dagger.
The hobgoblin hits you.
* * * LOW HITPOINT WARNING * * *
The hobgoblin hits you.
* * * LOW HITPOINT WARNING * * *
The goblin hits you with a +0 dagger.
* * * LOW HITPOINT WARNING * * *
You closely miss the goblin. You claw the goblin!
You kill the goblin!
Trog accepts your kill. Robin hits you but does no damage.
The goblin hits you with a +0 dagger.
* * * LOW HITPOINT WARNING * * *
The hobgoblin closely misses you. The hobgoblin hits you.
* * * LOW HITPOINT WARNING * * *
You miss the goblin. The goblin hits you with a +0 dagger.
You die...

#.## #...######....#.
#.# #...# ####.#. #####
##.##### ##...# #<.#.
..... #......# #.#...#
#....
......#..###.##.#.#.####
#.#†#
......#..###.#.###......
#.#..
.........#......#.......
#>###
......#.##.#.###)g.###
#. # ..<...#......#
#@g...# #. [. .....
####.### #gg.#.... ## ##
##### #.......#.r..# ##.
#.##.##.#...... # #.#
#....... #.# ##.......#
#.# #.......# ...
#.......# #.#


You could see Robin, 2 hobgoblins, a goblin (strong) and a rat.

Vanquished Creatures
  An adder (D:2)
  A ball python (D:1)
  3 bats
  5 endoplasms
  9 goblins
  5 hobgoblins
  3 kobolds (D:1)
  3 quokkas (D:1)
  A rat (D:1)
31 creatures vanquished.

Notes
Turn   | Place    | Note
-------+----------+-------------------------------------------
     0 | D:1      | kevlar127 the Troll Berserker began the quest for the Orb.
     0 | D:1      | Reached XP level 1. HP: 22/22 MP: 0/0
   191 | D:1      | Reached XP level 2. HP: 29/29 MP: 1/1
   810 | D:2      | Reached XP level 3. HP: 36/36 MP: 2/2
   973 | D:2      | Noticed Robin
   983 | D:2      | Reached ** piety under Trog
   988 | D:2      | HP: 2/54 [goblin/+0 dagger[Robin] (5)]
   991 | D:2      | Slain by a goblin

Illustrated notes

Levels and vault maps discovered:
D:1:      minmay_arrival_solitary_statue, layout_basic
D:2:      layout_loops_cross, uniq_robin

Action                   || total
-------------------------++-------
Melee: Unarmed           ||    72
       Punch             ||     1
Invok: Berserk           ||     1
       Trog's Hand       ||     1
Armor: Animal skin       ||    29
Dodge: Dodged            ||    50

Table legend: (Time is in decaauts)
 A = Elapsed time spent in this place.
 B = Non-inter-level travel time spent in this place.
 C = Inter-level travel time spent in this place.
 D = Time resting spent in this place.
 E = Time spent auto-exploring this place.
 F = Levels seen in this place.
 G = Mean time per level.
                   A        B        C        D        E       F      G
               +--------+--------+--------+--------+--------+-----+--------+
         Total |    986 |    861 |    125 |      0 |    702 |   2 |  493.0 |
       Dungeon |    986 |    861 |    125 |      0 |    702 |   2 |  493.0 |
               +--------+--------+--------+--------+--------+-----+--------+

Top non-repeatable levels by time:
     D:1: 800 daAuts
     D:2: 185 daAuts
